 Dungeon Crawl Stone Soup version 0.31-a0-995-g04711c9635 (webtiles) character file.

Game seed: 17173815334264522394

58 Azuregosa the Ducker (level 3, 0/17 HPs)
             Began as a Felid Chaos Knight on Nov 6, 2023.
             Was a Plaything of Xom.
             Slain by an orc
             ... wielding a +0 dagger
              (3 damage)
             ... on level 3 of the Dungeon.
             The game lasted 00:07:41 (1462 turns).

Azuregosa the Ducker (Felid Chaos Knight)           Turns: 1462, Time: 00:07:41

Health: 0/17       AC:  1    Str:  8    XL:     3   Next: 75%
Magic:  4/4        EV: 18    Int: 13    God:    Xom [.*....]
Gold:   72         SH:  0    Dex: 17    Spells: 1/2 levels left
                                        Lives:  0   Deaths: 1

rFire   . .          .
                       - Unarmed
rCold   . . .        (shield unavailable)
rNeg    . . .        (body armour unavailable)
rPois   .            (helmet unavailable)
rElec   .            (cloak unavailable)
rCorr   .            (gloves unavailable)
SInv    +            (boots unavailable)
Will    .....        b - amulet of the acrobat
Stlth   ++           (no ring)
HPRegen 0.22/turn    (no ring)
MPRegen 0.09/turn

%: acrobat
@: quick
A: very small, claws 1, fangs 3, see invisible, speed 1, shaggy fur 1, stealthy
paws, no weapons or thrown items, no armour, multi-lived
a: Renounce Religion


You were on level 3 of the Dungeon.
You worshipped Xom.
You were a plaything of Xom.
You visited 1 branch of the dungeon, and saw 3 of its levels.

You collected 72 gold pieces.

Inventory:

Missiles
 h - 8 poisoned darts
Jewellery
 b - an amulet of the acrobat (around neck)
Scrolls
 a - a scroll of butterflies
 c - a scroll of revelation {unknown}
 e - 2 scrolls of amnesia {unknown}
 f - 2 scrolls of summoning {unknown}
 k - 2 scrolls of identify {unknown}
 l - a scroll of brand weapon {unknown}
 o - a scroll of fog {unknown}
Potions
 d - 2 potions of invisibility {unknown}
 g - a potion of lignification {unknown}
 i - 2 potions of enlightenment {unknown}
 j - 2 potions of berserk rage {unknown}
 m - a potion of cancellation {unknown}
 n - a potion of curing {unknown}


   Skills:
 + Level 3.6 Fighting
 + Level 4.1 Dodging
 + Level 3.5 Unarmed Combat
 + Level 1.2 Translocations


You had one spell level left.
You knew the following spells:

 Your Spells              Type           Power      Damage    Failure   Level
a - Apportation           Tloc           6%         N/A       19%         1

Your spell library contained the following spells:

 Spells                   Type           Power      Damage    Failure   Level
 Jinxbite                 Hex            0%         N/A       43%         2
 Dazzling Flash           Conj/Hex       0%         N/A       67%         3
 Tukima's Dance           Hex            0%         N/A       67%         3
 Iskenderun's Mystic Bla  Conj/Tloc      1%         2d3       94%         4
 Agony                    Necr           0%         N/A       100%        5
 Alistair's Intoxication  Tmut/Pois      0%         N/A       100%        5
 Silence                  Hex/Air        0%         N/A       100%        5
 Dimensional Bullseye     Hex/Tloc       Unusable   N/A       N/A         4

Dungeon Overview and Level Annotations

Branches:
Dungeon (2/15)

Altars:
Cheibriados


Innate Abilities, Weirdness & Mutations

You have sharp claws.
You have razor-sharp teeth.
You have supernaturally acute eyesight. (SInv)
You cover ground quickly. (Speed+)
You are covered in fur. (AC +1)
Your paws help you pounce on unaware monsters.
You are incapable of wielding weapons or throwing items.
You cannot wear armour.
You gain extra lives every three experience levels.


Message History

An orc comes into view.
It is wielding a +0 flail of holy wrath.
The orc moves out of view.
Found a book of the Senses.
Found a snail-covered altar of Cheibriados.
An endoplasm comes into view.
You see here a book of the Senses.
You pick up a book of the Senses and begin reading...
You add the spells Dazzling Flash, Agony and Silence to your library.
A ball python comes into view.
The endoplasm quivers.
An orc comes into view. It is wielding a +0 dagger.
Found 19 gold pieces.
The endoplasm freezes you.
You are frozen.
You scratch the endoplasm.
The endoplasm is almost dead.
The endoplasm freezes you.
You are frozen.
You scratch the endoplasm but do no damage.
The endoplasm is almost dead.
The endoplasm freezes you.
You are frozen.
You barely miss the endoplasm.
The endoplasm is almost dead.
The ball python barely misses you. The ball python grabs you.
The ball python constricts you. The endoplasm hits you.
* * * LOW HITPOINT WARNING * * *
You claw the ball python!
You kill the ball python!
The endoplasm freezes you.
You are frozen.
* * * LOW HITPOINT WARNING * * *
You scratch the endoplasm.
You kill the endoplasm!
The ball python hisses angrily.
The orc closely misses you.
You scratch the orc. You claw the orc.
You kill the orc!
The orc hits you with a +0 dagger.
You die...

#. ..o. ..# ###... ##.#S
... .$...## ....o
#.###.#S.##.#####...
#.....#..##........#
#.._..#.... ......####
#.....#..# #.......#
.#.###.#o.# #......#
........@..# ##>.....#
..#######).# ##.......#
..........#####..##....#
#....####....S..####)###
#.. ##.......# #.# #
...........# #.#
###........## #.#
##........###.##
#.............##


You could see an orc and a ball python.

Vanquished Creatures
  An adder (D:2)
  A worm (D:2)
  2 orcs (D:3)
  6 ball pythons
  3 bats
  2 endoplasms
  2 giant cockroaches (D:1)
  3 goblins (D:1)
  4 hobgoblins
  4 jackals (D:1)
  3 quokkas (D:1)
  3 frilled lizards
  4 kobolds (D:1)
  4 rats
42 creatures vanquished.

Notes
Turn   | Place    | Note
-------+----------+-------------------------------------------
     0 | D:1      | Azuregosa the Felid Chaos Knight began the quest for the
                  | Orb.
     0 | D:1      | Reached XP level 1. HP: 10/10 MP: 2/2
    12 | D:1      | XOM: potion effect (berserk rage)
   148 | D:1      | XOM: butterfly on damage
   149 | D:1      | Slain by a quokka
   175 | D:1      | Reached XP level 2. HP: 14/14 MP: 3/3
   246 | D:1      | XOM: silly message
   401 | D:1      | XOM: potion effect (attraction)
   474 | D:1      | Learned a level 1 spell: Apportation
   796 | D:1      | Reached XP level 3. HP: 16/17 MP: 4/4
  1137 | D:2      | Reached skill level 4 in Dodging
  1349 | D:2      | Reached skill level 1 in Translocations
  1393 | D:2      | You fall into a shaft and drop 1 floor!
  1447 | D:3      | Found a snail-covered altar of Cheibriados.
  1462 | D:3      | Slain by an orc

Illustrated notes

Levels and vault maps discovered:
D:1:      lemuel_arrival_tunnels, layout_basic, serial_forest,
          infiniplex_forest_lined_room_3, infiniplex_forest_clump_C,
          infiniplex_forest_clump_double, infiniplex_forest_lined_3,
          infiniplex_forest_clump_small, infiniplex_forest_straight_1,
          infiniplex_forest_lined_2, infiniplex_forest_straight_2,
          minmay_tiny_reverse_x
D:2:      layout_loops_cross, fountainhead, kennysheep_generic_room_5
D:3:      layout_rooms, mainiacjoe_overflow_cross_hatched,
          mainiacjoe_overflow_catwalk_spiral, shapermc_ecumenical_altar_gd,
          uniq_robin, uniq_ijyb, uniq_sigmund, uniq_crazy_yiuf_cottage

Skill      XL: |  1  2  3 |
---------------+----------+-----
Dodging        | 4 |  4.1
Translocations | 1 |  1.2
Fighting       | |  3.6
Unarmed Combat | |  3.5

Action                     || total
---------------------------++-------
  Melee: Unarmed           ||   134
         Bite              ||    12
         Punch             ||     4
   Stab: Sleeping          ||     1
 Armour: Skin              ||    29
  Dodge: Dodged            ||    90

Table legend: (Time is in decaauts)
 A = Elapsed time spent in this place.
 B = Non-inter-level travel time spent in this place.
 C = Inter-level travel time spent in this place.
 D = Time resting spent in this place.
 E = Time spent auto-exploring this place.
 F = Levels seen in this place.
 G = Mean time per level.
                   A        B        C        D        E       F      G
               +--------+--------+--------+--------+--------+-----+--------+
         Total |   1223 |   1223 |      0 |     88 |    749 |   3 |  407.7 |
       Dungeon |   1223 |   1223 |      0 |     88 |    749 |   3 |  407.7 |
               +--------+--------+--------+--------+--------+-----+--------+

Top non-repeatable levels by time:
     D:1: 871 daAuts
     D:2: 294 daAuts
     D:3: 57 daAuts
